IL
ROCHESTER RED WINGS @ DURHAM BULLS
08/13/2098
 
TOP OF THE 1ST
Rochester Red Wings batting - Pitching for Durham Bulls : RHP Steve Black
Pitching: RHP Steve Black
Batting: RHB Pablo Luna 0-0: Ball
1-0: Called Strike
1-1: Foul Ball, location: 9LMF
1-2: Foul Ball, location: 2F
1-2: Fly out, F8 (Flyball, 8LM, EV 85.6 MPH)
Batting: RHB Matt McElhose 0-0: Called Strike
0-1: Ball
1-1: Foul Ball, location: 23FF
1-2: Ball
2-2: Ball
3-2: Foul Ball, location: 23F
3-2: Strikes out swinging
Batting: SHB Marc Sakkal 0-0: Ball
1-0: Ball
2-0: Ball
3-0: Called Strike
3-1: Fly out, F4 (Popup, 34D, EV 52.5 MPH)
Top of the 1st over - 0 runs, 0 hits, 0 errors, 0 left on base; Rochester 0 - Durham 0
BOTTOM OF THE 1ST
Durham Bulls batting - Pitching for Rochester Red Wings : RHP Dan Carrington
Pitching: RHP Dan Carrington
Batting: LHB Dave Gonzales 0-0: Ball
1-0: Fly out, F2 (Popup, 2LF, EV 88.1 MPH)
Batting: RHB Mel Garcia 0-0: Ground out 5-3 (Groundball, 25, EV 86.9 MPH)
Batting: RHB Pat Zinn 0-0: Called Strike
0-1: Ball
1-1: Ball
2-1: DOUBLE (Line Drive, 89D, EV 100.6 MPH)
Batting: LHB George Elkins 0-0: Swinging Strike
0-1: Ball
1-1: Ground out 4-3 (Groundball, 4, EV 93.8 MPH)
Bottom of the 1st over - 0 runs, 1 hit, 0 errors, 1 left on base; Rochester 0 - Durham 0
TOP OF THE 2ND
Rochester Red Wings batting - Pitching for Durham Bulls : RHP Steve Black
Batting: RHB Greg Schuler 0-0: Ball
1-0: Ball
2-0: Ball
3-0: Base on Balls
Batting: RHB Eric Harrell 0-0: Called Strike
0-1: Ball
1-1: Ball
2-1: Called Strike
2-2: Strikes out swinging
Batting: RHB Donovan Washington 0-0: Ball
1-0: Ball
2-0: Foul Ball, location: 2F
2-1: Ball
3-1: SINGLE (Groundball, 6MD, EV 100.0 MPH)
Greg Schuler to second
Batting: RHB Justin Bradshaw 0-0: Ball
1-0: Called Strike
1-1: Ball
2-1: Foul Ball, location: 7LSF
2-2: Strikes out swinging
Batting: RHB Eddie Pizana 0-0: Ball
1-0: Called Strike
1-1: Ground out U3 (Groundball, 34, EV 86.9 MPH)
Top of the 2nd over - 0 runs, 1 hit, 0 errors, 2 left on base; Rochester 0 - Durham 0
BOTTOM OF THE 2ND
Durham Bulls batting - Pitching for Rochester Red Wings : RHP Dan Carrington
Batting: RHB Joe Phillips 0-0: Ball
1-0: Called Strike
1-1: Called Strike
1-2: Ball
2-2: Ball
3-2: Fly out, F8 (Flyball, 78M, EV 95.6 MPH)
Batting: RHB Edgar Rivas 0-0: Ball
1-0: Swinging Strike
1-1: Swinging Strike
1-2: Strikes out swinging
Batting: SHB Willie Torres 0-0: Called Strike
0-1: Ball
1-1: Ball
2-1: Ball
3-1: Base on Balls
Pitching: LHP Nick Kaiser
Batting: LHB Bettino Sanguinacco 0-0: Called Strike
0-1: Ball
1-1: Fly out, F7 (Flyball, 7, EV 94.4 MPH)
Bottom of the 2nd over - 0 runs, 0 hits, 0 errors, 1 left on base; Rochester 0 - Durham 0
TOP OF THE 3RD
Rochester Red Wings batting - Pitching for Durham Bulls : RHP Steve Black
Batting: RHB Kasey Ramos 0-0: Called Strike
0-1: Swinging Strike
0-2: Foul Ball, location: 3SF
0-2: Foul Ball, location: 9LSF
0-2: Ball
1-2: Strikes out swinging
Batting: RHB Pablo Luna 0-0: Ball
1-0: Ball
2-0: Foul Ball, location: 25F
2-1: Foul Ball, location: 25FF
2-2: Strikes out swinging
Batting: RHB Matt McElhose 0-0: Ball
1-0: Ball
2-0: Ball
3-0: Base on Balls
Batting: SHB Marc Sakkal 0-0: Ball
1-0: Called Strike
1-1: Foul Ball, location: 7LSF
1-2: Strikes out looking
Top of the 3rd over - 0 runs, 0 hits, 0 errors, 1 left on base; Rochester 0 - Durham 0
BOTTOM OF THE 3RD
Durham Bulls batting - Pitching for Rochester Red Wings : LHP Nick Kaiser
Batting: RHB Edgar Guerrero 0-0: Called Strike
0-1: Ball
1-1: Ball
2-1: Fly out, F7 (Flyball, 7LSF, EV 91.3 MPH)
Batting: LHB Dave Gonzales 0-0: Foul Ball, location: 25F
0-1: Foul Ball, location: 23F
0-2: Ball
1-2: Ball
2-2: Foul Ball, location: 7LDF
2-2: Ball
3-2: Ground out 5-3 (Groundball, 56, EV 86.9 MPH)
Batting: RHB Mel Garcia 0-0: Called Strike
0-1: Ball
1-1: Ball
2-1: Foul Ball, location: 2F
2-2: Ball
3-2: Ground out 6-3 (Groundball, 6, EV 88.8 MPH)
Bottom of the 3rd over - 0 runs, 0 hits, 0 errors, 0 left on base; Rochester 0 - Durham 0
TOP OF THE 4TH
Rochester Red Wings batting - Pitching for Durham Bulls : RHP Steve Black
Batting: RHB Greg Schuler 0-0: Ball
1-0: Foul Ball, location: 9LMF
1-1: Ball
2-1: SINGLE (Groundball, 4MD, EV 93.8 MPH)
Batting: RHB Eric Harrell 0-0: Foul Ball, location: 2F
0-1: Ball
1-1: Ball
2-1: Called Strike
2-2: Ball
3-2: Base on Balls
Greg Schuler to second
Batting: RHB Donovan Washington 0-0: Called Strike
0-1: Fielders Choice at 2nd, 5-4 (Groundball, 56, EV 84.4 MPH)
Greg Schuler to third
Batting: RHB Justin Bradshaw 0-0: Called Strike
Donovan Washington steals 2nd, throwing error, E2
Greg Schuler scores
Donovan Washington to third
0-1: Fly out, F8 (Flyball, 8LM, EV 86.9 MPH)
Runner from 3rd tags up, OUT at HOME! 8-2
Top of the 4th over - 1 run, 1 hit, 1 error, 0 left on base; Rochester 1 - Durham 0
BOTTOM OF THE 4TH
Durham Bulls batting - Pitching for Rochester Red Wings : LHP Nick Kaiser
Batting: RHB Pat Zinn 0-0: Foul Ball, location: 2F
0-1: Swinging Strike
0-2: Strikes out swinging
Batting: LHB George Elkins 0-0: Ball
1-0: Called Strike
1-1: Ball
2-1: Ball
3-1: Swinging Strike
3-2: Strikes out swinging
Batting: RHB Joe Phillips 0-0: Called Strike
0-1: Ball
1-1: Swinging Strike
1-2: Ground out 4-3 (Groundball, 4, EV 78.1 MPH)
Bottom of the 4th over - 0 runs, 0 hits, 0 errors, 0 left on base; Rochester 1 - Durham 0
TOP OF THE 5TH
Rochester Red Wings batting - Pitching for Durham Bulls : RHP Steve Black
Batting: RHB Eddie Pizana 0-0: Foul Ball, location: 2F
0-1: Ground out 5-3 (Groundball, 56, EV 92.5 MPH)
Batting: RHB Kasey Ramos 0-0: Called Strike
0-1: Ball
1-1: Foul Ball, location: 3SF
1-2: Strikes out looking
Batting: RHB Pablo Luna 0-0: Ball
1-0: Ball
2-0: Foul Ball, location: 23F
2-1: Ball
3-1: Foul Ball, location: 2F
3-2: Foul Ball, location: 9LSF
3-2: Strikes out swinging
Top of the 5th over - 0 runs, 0 hits, 0 errors, 0 left on base; Rochester 1 - Durham 0
BOTTOM OF THE 5TH
Durham Bulls batting - Pitching for Rochester Red Wings : LHP Nick Kaiser
Batting: RHB Edgar Rivas 0-0: SINGLE (Line Drive, 78S, EV 101.9 MPH)
Batting: SHB Willie Torres 0-0: Called Strike
0-1: Fly out, F4 (Popup, 4, EV 78.1 MPH)
Pinch Hitting: RHB A.J. Adair 0-0: Called Strike
0-1: Ball
1-1: Swinging Strike
1-2: Ball
2-2: Ball
3-2: Fly out, F6 (Popup, 6MS, EV 58.8 MPH)
Batting: RHB Edgar Guerrero 0-0: Ball
1-0: Ball
2-0: Called Strike
2-1: Ball
3-1: Called Strike
3-2: Foul Ball, location: 3SF
3-2: Fly out, F9 (Flyball, 89M, EV 93.8 MPH)
Bottom of the 5th over - 0 runs, 1 hit, 0 errors, 1 left on base; Rochester 1 - Durham 0
TOP OF THE 6TH
Rochester Red Wings batting - Pitching for Durham Bulls : RHP Steve Black
Now at 1B: A.J. Adair
Batting: RHB Matt McElhose 0-0: Called Strike
0-1: Ball
1-1: Ball
2-1: Swinging Strike
2-2: Strikes out swinging
Batting: SHB Marc Sakkal 0-0: Ground out U3 (Groundball, 34, EV 84.4 MPH)
Batting: RHB Greg Schuler 0-0: Called Strike
0-1: Called Strike
0-2: Fly out, F8 (Flyball, 8RS, EV 83.1 MPH)
Top of the 6th over - 0 runs, 0 hits, 0 errors, 0 left on base; Rochester 1 - Durham 0
BOTTOM OF THE 6TH
Durham Bulls batting - Pitching for Rochester Red Wings : LHP Nick Kaiser
Batting: LHB Dave Gonzales 0-0: SINGLE (Line Drive, 7S, EV 90.6 MPH)
Batting: RHB Mel Garcia 0-0: Ball
1-0: Called Strike
Dave Gonzales steals 2nd base
1-1: Ball
2-1: Foul Ball, location: 2F
2-2: Ball
3-2: Ground out 5-3 (Groundball, 5L, EV 90.0 MPH)
Batting: RHB Pat Zinn 0-0: Called Strike
0-1: Ball
1-1: Foul Ball, location: 23FF
1-2: Strikes out looking
Batting: LHB George Elkins 0-0: Ball
1-0: Ball
2-0: Ball
3-0: Called Strike
3-1: Foul Ball, location: 2F
3-2: Base on Balls
Batting: RHB Joe Phillips 0-0: Foul Ball, location: 25FF
0-1: Foul Ball, location: 2F
0-2: Fly out, F5 (Popup, 5S, EV 75.6 MPH)
Bottom of the 6th over - 0 runs, 1 hit, 0 errors, 2 left on base; Rochester 1 - Durham 0
TOP OF THE 7TH
Rochester Red Wings batting - Pitching for Durham Bulls : RHP Steve Black
Batting: RHB Eric Harrell 0-0: Foul Ball, location: 7LSF
0-1: DOUBLE (Flyball, 8RXD, EV 112.5 MPH)
Batting: RHB Donovan Washington 0-0: Called Strike
0-1: Ball
1-1: Ball
2-1: Called Strike
2-2: Foul Ball, location: 25F
2-2: Ball
3-2: Base on Balls
Batting: RHB Justin Bradshaw 0-0: Ball
1-0: Ball
2-0: Ball
3-0: Swinging Strike
3-1: Swinging Strike
3-2: Strikes out swinging
Batting: RHB Eddie Pizana 0-0: Called Strike
0-1: Ball
1-1: 3-RUN HOME RUN (Flyball, 78XD, EV 101.3 MPH), Distance : 385 ft
Batting: RHB Kasey Ramos 0-0: Ball
1-0: Hit by Pitch, AND HE CHARGES THE MOUND! The benches clear!
Pitching: RHP Sam Emberton
Pinch Runner at 1st Jim Bartle:
Batting: RHB Pablo Luna 0-0: Ball
1-0: Ball
2-0: Called Strike
2-1: Ball
3-1: Fly out, F4 (Popup, 4, EV 66.9 MPH)
Batting: RHB Matt McElhose 0-0: Ball
1-0: Foul Ball, location: 3SF
1-1: Called Strike
1-2: Foul Ball, location: 3F
1-2: Foul Ball, location: 9LMF
1-2: Ball
2-2: Ball
3-2: Strikes out swinging
Top of the 7th over - 3 runs, 2 hits, 0 errors, 1 left on base; Rochester 4 - Durham 0
BOTTOM OF THE 7TH
Durham Bulls batting - Pitching for Rochester Red Wings : LHP Nick Kaiser
Now at 2B: Mike Paus
Now at SS: Jim Bartle
Now in LF: Danny Strickland
Batting: RHB Edgar Rivas 0-0: Ball
1-0: Called Strike
1-1: Ball
2-1: Called Strike
2-2: Foul Ball, location: 5FF
2-2: Foul Ball, location: 2RF
2-2: Ball
3-2: Ground out 6-3 (Groundball, 6, EV 98.8 MPH)
Batting: SHB Willie Torres 0-0: Ball
1-0: Called Strike
1-1: Ground out 5-3 (Groundball, 5L, EV 90.0 MPH)
Batting: RHB A.J. Adair 0-0: Ball
1-0: Ball
2-0: Foul Ball, location: 25FF
2-1: Ball
3-1: Base on Balls
Batting: RHB Edgar Guerrero 0-0: Ball
1-0: Ball
2-0: Foul Ball, location: 2F
2-1: Swinging Strike
2-2: Foul Ball, location: 2F
2-2: Ball
3-2: Ground out 6-3 (Groundball, 6, EV 108.1 MPH)
Bottom of the 7th over - 0 runs, 0 hits, 0 errors, 1 left on base; Rochester 4 - Durham 0
TOP OF THE 8TH
Rochester Red Wings batting - Pitching for Durham Bulls : RHP Sam Emberton
Batting: SHB Marc Sakkal 0-0: Called Strike
0-1: Ball
1-1: Swinging Strike
1-2: Strikes out looking
Batting: RHB Greg Schuler 0-0: Swinging Strike
0-1: Swinging Strike
0-2: Foul Ball, location: 2LF
0-2: Hit by Pitch
Batting: RHB Danny Strickland 0-0: Fly out, F8 (Line Drive, 8RD, EV 98.8 MPH)
Batting: RHB Donovan Washington 0-0: Called Strike
0-1: Foul Ball, location: 9LSF
0-2: Ground out 4-3 (Groundball, 34, EV 88.8 MPH)
Top of the 8th over - 0 runs, 0 hits, 0 errors, 1 left on base; Rochester 4 - Durham 0
BOTTOM OF THE 8TH
Durham Bulls batting - Pitching for Rochester Red Wings : LHP Nick Kaiser
Batting: LHB Dave Gonzales 0-0: Ball
1-0: Ball
2-0: Ball
3-0: Called Strike
3-1: Base on Balls
Batting: RHB Mel Garcia 0-0: Ball
1-0: Foul Ball, location: 2F
1-1: Ball
2-1: Ball
3-1: SINGLE (Flyball, 89S, EV 101.3 MPH)
Dave Gonzales to second
Batting: RHB Pat Zinn 0-0: Fly out, F7 (Flyball, 7D, EV 105.6 MPH)
Runner from 2nd tags up, SAFE at 3rd with throw by LF
Batting: LHB George Elkins 0-0: Called Strike
0-1: Called Strike
0-2: Foul Ball, location: 2F
0-2: Strikes out swinging
Batting: RHB Joe Phillips 0-0: Called Strike
0-1: Swinging Strike
0-2: Ball
1-2: Foul Ball, location: 2F
1-2: Strikes out swinging
Bottom of the 8th over - 0 runs, 1 hit, 0 errors, 2 left on base; Rochester 4 - Durham 0
TOP OF THE 9TH
Rochester Red Wings batting - Pitching for Durham Bulls : RHP Sam Emberton
Batting: RHB Justin Bradshaw 0-0: SINGLE (Line Drive, 34, EV 101.9 MPH)
Batting: RHB Eddie Pizana 0-0: Fielders Choice at 2nd, 3-6 (Groundball, 34, EV 88.1 MPH)
Batting: RHB Jim Bartle 0-0: SINGLE (Groundball, 6MD, EV 100.6 MPH)
Eddie Pizana to second
Eddie Pizana to third
Batting: RHB Pablo Luna 0-0: Swinging Strike
0-1: Foul Ball, location: 2F
0-2: Fly out, F8 (Flyball, 89M, EV 91.3 MPH)
Runner from 3rd tags up, SCORES, throw by CF
Batting: RHB Mike Paus 0-0: Ball
1-0: Ball
2-0: Called Strike
Jim Bartle steals 2nd base
2-1: Called Strike
2-2: SINGLE (Groundball, 6MD, EV 100.0 MPH)
Jim Bartle to third
Runner from 3rd tries for Home, SAFE, throw by CF to home
Mike Paus to second
Batting: SHB Marc Sakkal 0-0: Fly out, F8 (Flyball, 78M, EV 79.4 MPH)
Top of the 9th over - 2 runs, 3 hits, 0 errors, 1 left on base; Rochester 6 - Durham 0
BOTTOM OF THE 9TH
Durham Bulls batting - Pitching for Rochester Red Wings : LHP Nick Kaiser
Batting: RHB Edgar Rivas 0-0: Foul Ball, location: 3SF
0-1: SINGLE (Line Drive, 7S, EV 96.3 MPH)
Pitching: RHP Edwin Pereira
Batting: SHB Willie Torres 0-0: Foul Ball, location: 2F
0-1: Called Strike
0-2: Fly out, F7 (Flyball, 7S, EV 83.1 MPH)
Pinch Hitting: LHB Xavier Longoria 0-0: Ball
1-0: Foul Ball, location: 5F
1-1: Foul Ball, location: 7LMF
1-2: Foul Ball, location: 7LSF
1-2: Strikes out swinging
Pinch Hitting: LHB Adam Jensen 0-0: Ball
1-0: Ball
2-0: Called Strike
2-1: Ball
3-1: Called Strike
3-2: Foul Ball, location: 3DF
3-2: Fly out, F9 (Flyball, 89S, EV 86.3 MPH)
Bottom of the 9th over - 0 runs, 1 hit, 0 errors, 1 left on base; Rochester 6 - Durham 0
Friday, April 12th , 2024 - OOTP Baseball 24.11 Build 85